 Dungeon Crawl Stone Soup version 0.27.1-2-g3b301248ec (webtiles) character file.

Game seed: 3304314787182317314

681 Borgoz the Skirmisher (level 7, -9/45 HPs)
             Began as a Gargoyle Berserker on Sept 26, 2021.
             Was a Believer of Trog.
             Killed by divine providence
             ... invoked by an orc priest
              (11 damage)
             ... on level 4 of the Dungeon.
             The game lasted 00:02:38 (2913 turns).

Borgoz the Skirmisher (Gargoyle Berserker)          Turns: 2913, Time: 00:02:39

Health: -9/45      AC: 12    Str: 21    XL:     7   Next: 61%
Magic:  7/7        EV: 15    Int:  8    God:    Trog [**....]
Gold:   100        SH:  0    Dex: 10    Spells: 6/6 levels left

rFire    . . .     SeeInvis .   p - +0 flail
rCold    . . .     Faith    .   (no shield)
rNeg     + . .     Spirit   .   k - +0 ring mail
rPois    ∞         Reflect  .   (no helmet)
rElec    +         Harm     .   (no cloak)
rCorr    .         Rampage  .   (no gloves)
Will     ++...                  l - +0 pair of boots
Stlth    ..........             (no amulet)
HPRegen  1.15/turn              e - +4 ring of evasion
MPRegen  0.10/turn              (no ring)

@: strong-willed, regenerating
A: sickness immunity, AC +4, negative energy resistance 1, electricity
resistance, torment resistance 1, petrification resistance
a: Renounce Religion, Berserk, Trog's Hand


You were on level 4 of the Dungeon.
You worshipped Trog.
Trog was pleased with you.
You visited 1 branch of the dungeon, and saw 4 of its levels.

You collected 100 gold pieces.

Inventory:

Hand Weapons
 p - a +0 flail (weapon)
Armour
 k - a +0 ring mail (worn)
 l - a +0 pair of boots (worn)
Jewellery
 e - a +4 ring of evasion (left hand)
Wands
 a - a wand of paralysis (6)
 o - a wand of iceblast (9)
Scrolls
 b - 2 scrolls of teleportation {unknown}
 f - a scroll of fog {unknown}
 g - a scroll of immolation {unknown}
 i - a scroll of amnesia {unknown}
 j - 3 scrolls of identify {unknown}
 m - a scroll of brand weapon {unknown}
 q - a scroll of acquirement {unknown}
Potions
 c - a potion of attraction {unknown}
 d - a potion of berserk rage {unknown}
 h - a potion of degeneration {unknown}
 n - 2 potions of curing {unknown}
 r - 2 potions of mutation {unknown}


   Skills:
 * Level 5.7 Fighting
 * Level 5.2 Maces & Flails
 * Level 5.1 Armour
 + Level 2.8 Dodging


You had 6 spell levels left.
You didn't know any spells.
Your spell library was empty.

Dungeon Overview and Level Annotations

Branches:
Dungeon (4/15)
 Temple: D:4-7

Altars:


Innate Abilities, Weirdness & Mutations

You are immune to sickness and miasma.
Your stone body is resilient. (AC +4)
You are immune to poison.
You resist negative energy. (rN+)
You are resistant to electric shocks. (rElec)
You are resistant to unholy torment.
You are immune to petrification.


Message History

You hit the orc priest but do no damage.
The orc priest hits you but does no damage.
The orc closely misses you. The orc wizard misses you.
The necrophage completely misses you.
The orc priest hits you but does no damage.
You sock the orc priest!
The orc priest is heavily wounded.
The orc priest hits you with a +0 flail.
The orc closely misses you. The orc wizard misses you.
The necrophage hits you but does no damage.
The orc priest mumbles some strange prayers to Beogh against you.
Pain shoots through your body!
You hit the orc priest.
The orc priest is almost dead.
The orc priest mumbles some strange prayers to Beogh against you.
Beogh smites you! The orc wizard casts a spell at you. The magic dart hits you.
The necrophage hits you. The orc priest completely misses you.
The orc priest invokes the aid of Beogh against you.
Beogh smites you!
* * * LOW HITPOINT WARNING * * *
You are too injured to fight recklessly!
You are too injured to fight recklessly!
You are too injured to fight recklessly!
You are too injured to fight recklessly!
You are too injured to fight recklessly!
Your skin crawls.
You feel strong-willed. The orc wizard misses you.
The necrophage hits you but does no damage.
The orc priest hits you but does no damage.
The orc priest mumbles some strange prayers to Beogh against you.
Beogh smites you!
* * * LOW HITPOINT WARNING * * *
Something hits you but does no damage. The orc priest barely misses you.
The orc priest invokes the aid of Beogh against you.
Beogh smites you!
You die...

.....#......!
###.....##....
#######.....#(
#.....#..... . ...
<...###.#.>.....#
.# ?.#...##....#
.# .......#....).#
..
..###.###.###....
... 8 ##.....#...#
. . P#.
#.......(.# .
##...###@.......#
.
;#....noo........#
.
≈#.....o..#....###
. ≈#......o####.##
. ≈#.......# ... .
≈#..##.... ...# #
≈#.. ...... ..# #
≈#. ....... ##
.........


You could see a necrophage, 2 orc priests, an orc wizard and an orc.

Vanquished Creatures
  Grinder (D:3)
  Sigmund (D:2)
  2 hounds
  An orc priest (D:3)
  Jessica (D:3)
  Ijyb (D:3)
  An orc wizard (D:3)
  Natasha (thrice) (D:2)
  2 adders (D:3)
  An adder skeleton (D:4)
  3 worms
  3 dart slugs
  6 orcs
  5 ball pythons
  4 bats
  2 endoplasms
  A giant cockroach (D:2)
  5 goblins
  5 hobgoblins
  4 kobolds
  3 quokkas (D:3)
  4 frilled lizards
  3 rats
62 creatures vanquished.

Vanquished Creatures (others)
  A goblin (D:3)
1 creature vanquished.

Grand Total: 63 creatures vanquished

Notes
Turn   | Place    | Note
-------+----------+-------------------------------------------
     0 | D:1      | Borgoz the Gargoyle Berserker began the quest for the Orb.
     0 | D:1      | Reached XP level 1. HP: 14/14 MP: 1/1
   169 | D:1      | Reached XP level 2. HP: 5/19 MP: 2/2
  1322 | D:2      | Noticed Sigmund
  1323 | D:2      | Noticed Natasha
  1324 | D:2      | Noticed an eye of devastation
  1333 | D:2      | Killed Sigmund
  1334 | D:2      | Reached XP level 3. HP: 24/24 MP: 3/3
  1334 | D:2      | Reached XP level 4. HP: 30/30 MP: 4/4
  1334 | D:2      | Reached XP level 5. HP: 34/34 MP: 5/5
  1334 | D:2      | Killed Natasha
  1353 | D:2      | Found a faded altar of an unknown god.
  1386 | D:2      | Noticed a great orb of eyes
  1386 | D:2      | Noticed a shining eye
  1386 | D:2      | Noticed a golden eye
  1519 | D:2      | Noticed Natasha
  1529 | D:2      | Killed Natasha
  1530 | D:2      | Reached XP level 6. HP: 39/39 MP: 6/6
  1588 | D:2      | Noticed Natasha
  1593 | D:2      | Killed Natasha
  1593 | D:2      | Reached ** piety under Trog
  1847 | D:3      | Noticed Jessica
  1856 | D:3      | Killed Jessica
  1999 | D:3      | Reached skill level 5 in Fighting
  2145 | D:3      | Noticed Ijyb
  2145 | D:3      | Noticed Grinder
  2155 | D:3      | Killed Ijyb
  2167 | D:3      | Killed Grinder
  2168 | D:3      | Reached skill level 5 in Maces & Flails
  2168 | D:3      | Reached XP level 7. HP: 44/44 MP: 7/7
  2382 | D:3      | Reached skill level 5 in Armour
  2912 | D:4      | HP: 1/45 [orc priest/divine providence (11)]
  2913 | D:4      | Killed from afar by an orc priest

Illustrated notes

Levels and vault maps discovered:
D:1:      heliophobic_arrival_glass_houses, layout_basic
D:2:      layout_rooms, hellmonk_ecumenical_altar_watching_god, uniq_sigmund,
          uniq_natasha
D:3:      layout_basic, lemuel_flame_loot_1, uniq_jessica, uniq_ijyb,
          uniq_grinder
D:4:      gammafunk_steamed_eel, layout_cave_pools, nicolae_uskayaw_dance_hall,
          wad_floor_pattern_untrapped

Skill      XL: |  1  2  3  4  5  6  7 |
---------------+----------------------+-----
Fighting       | 4 5 |  5.7
Maces & Flails | 4 5 |  5.2
Armour         | 3 4 5 |  5.1
Dodging        | 2 |  2.8

Action                   |  1- 3 |  4- 6 |  7- 9 || total
-------------------------+-------+-------+-------++-------
Melee: Mace              |    52 |   101 |    38 ||   191
       Flail             |       |       |    38 ||    38
Invok: Berserk           |     4 |     1 |       ||     5
       Trog's Hand       |       |     1 |     1 ||     2
Armor: Animal skin       |    19 |       |       ||    19
       Ring mail         |     2 |    50 |    30 ||    82
Dodge: Dodged            |    28 |    81 |    74 ||   183
